 Dungeon Crawl Stone Soup version 0.20.1-1-g8b1a95d (webtiles) character file.

207 Linguinho the Chucker (level 5, -4/73 HPs)
             Began as a Troll Hunter on Nov 14, 2017.
             Slain by an orc
             ... wielding a +0 trident of venom
              (5 damage)
             ... on level 4 of the Dungeon.
             The game lasted 00:03:20 (2057 turns).

Linguinho the Chucker (Troll Hunter)                Turns: 2057, Time: 00:03:21

Health: -4/73      AC:  6    Str: 26    XL:     5   Next: 54%
Magic:  4/4        EV: 10    Int:  7    God:
Gold:   198        SH:  0    Dex: 10    Spells: 4/4 levels left

rFire    . . .     SeeInvis .     - Unarmed
rCold    . . .     Gourm    +   (no shield)
rNeg     . . .     Faith    .   b - +0 robe
rPois    .         Spirit   .   (helmet restricted)
rElec    .         Reflect  .   r - +0 cloak
rCorr    .         Harm     .   (gloves unavailable)
MR       .....                  (boots unavailable)
Stlth    ..........             (no amulet)
Regen    0.7/turn               (no ring)
MPRegen  0.1/turn               (no ring)

@: berserking, lethally poisoned (-4 -> -22), very quick
A: unfitting armour, claws 3, fast metabolism 3, gourmand, regeneration 1,
shaggy fur 1, tough skin 2
a: no special abilities


You were on level 4 of the Dungeon.
You were completely stuffed.

You visited 1 branch of the dungeon, and saw 4 of its levels.

You collected 198 gold pieces.

Inventory:

Hand Weapons
 o - a +0 whip
Missiles
 c - 7 large rocks (quivered)
 d - 2 throwing nets
Armour
 b - a +0 robe (worn)
 r - a +0 cloak (worn)
Jewellery
 g - an uncursed ring of flight {unknown}
Wands
 u - a wand of digging (20/24)
Scrolls
 e - 2 scrolls of enchant weapon
 h - a scroll of remove curse {unknown}
 i - a scroll of amnesia {unknown}
 j - a scroll of noise
 q - 2 scrolls of teleportation
 t - a scroll of fear {unknown}
 x - a scroll of blinking {unknown}
 y - a scroll of recharging
Potions
 l - a potion of magic {unknown}
 m - a potion of curing {unknown}
 n - a potion of cancellation {unknown}
 s - a potion of berserk rage
 v - a potion of might {unknown}
 w - a potion of heal wounds {unknown}
Comestibles
 a - 2 meat rations
 f - 3 bread rations
 k - 15 chunks of flesh


   Skills:
 + Level 2.0 Fighting
 * Level 1.5 Maces & Flails
 + Level 4.5 Throwing
 + Level 2.3 Dodging
 - Level 0.3 Stealth
 + Level 2.8 Unarmed Combat


You had 4 spell levels left.
You didn't know any spells.

Dungeon Overview and Level Annotations

Branches:
Dungeon (4/15)
 Temple: D:4-7

Altars:
Qazlal


Innate Abilities, Weirdness & Mutations

You are too large for most types of armour.
You have claws for hands.
Your metabolism is lightning-fast.
You like to eat raw meat.
Your natural rate of healing is unusually fast.
You are covered in fur. (AC +1)
You have very tough skin. (AC +2)


Message History

* * * LOW HITPOINT WARNING * * *
You feel sick. The orc hits you but does no damage.
You claw the orc!
You kill the orc!
* * * LOW HITPOINT WARNING * * *
You feel sick.
The orc hits you from afar with a trident of venom.
* * * LOW HITPOINT WARNING * * *
You are more poisoned.
You are too berserk!
You scratch the orc.
The orc is almost dead.
* * * LOW HITPOINT WARNING * * *
You feel sick. The orc completely misses you.
You barely miss the orc.
The orc is almost dead.
* * * LOW HITPOINT WARNING * * *
You feel sick.
The orc hits you from afar with a trident of venom.
You die...

.............#
.###.#[#.#.#.#
#.......).#
###.#.#.#.#.##
.............##
.###.#.#.#.#...#
.......O.o.....#
.##.#.#o#.#..$#
#...@.......#
......r.###...##
.)....### ####
#.#... # #..#
.... #... #...


You could see an ogre, 2 orcs and a quokka.

Vanquished Creatures
  A gnoll shaman (D:3)
  An orc wizard (D:4)
  A worker ant (D:4)
  2 adders (D:3)
  An ooze (D:1)
  A worm (D:3)
  3 dart slugs (D:1)
  4 leopard geckos (D:3)
  11 orcs
  2 ball pythons
  6 giant cockroaches
  6 goblins
  5 hobgoblins
  9 jackals
  7 kobolds
  A quokka (D:2)
  6 bats
  5 frilled lizards
  9 rats
81 creatures vanquished.

Notes
Turn   | Place    | Note
-------+----------+-------------------------------------------
     0 | D:1      | Linguinho the Troll Hunter began the quest for the Orb.
     0 | D:1      | Reached XP level 1. HP: 19/19 MP: 0/0
    90 | D:1      | Reached skill level 4 in Throwing
    94 | D:1      | Reached XP level 2. HP: 27/27 MP: 1/1
   338 | D:1      | Reached XP level 3. HP: 18/33 MP: 2/2
  1028 | D:2      | Reached skill level 1 in Unarmed Combat
  1045 | D:2      | Found a stormy altar of Qazlal.
  1460 | D:3      | Reached XP level 4. HP: 42/42 MP: 3/3
  1545 | D:3      | Reached skill level 1 in Maces & Flails
  1916 | D:4      | Reached XP level 5. HP: 49/49 MP: 4/4
  2034 | D:4      | Noticed an ogre
  2055 | D:4      | HP: 3/73 [orc/trident of venom (3)]
  2057 | D:4      | HP: 1/73 [poisoned by an orc]
  2057 | D:4      | Slain by an orc

Skill      XL: |  1  2  3  4  5 |
---------------+----------------+-----
Throwing       | 4 |  4.5
Unarmed Combat | 1 2 |  2.8
Maces & Flails | 1 |  1.5
Dodging        | 2 |  2.3
Fighting       | 2 |  2.0
Stealth        | |  0.3

Action                   |  1- 3 |  4- 6 || total
-------------------------+-------+-------++-------
Melee: Unarmed           |   163 |   129 ||   292
       Punch             |       |     2 ||     2
  Use: Scroll            |       |     4 ||     4
       Potion            |       |     1 ||     1
 Stab: Sleeping          |     3 |       ||     3
       Distracted        |     1 |       ||     1
  Eat: Chunk             |    19 |     6 ||    25
Armor: Robe              |    67 |    39 ||   106
Dodge: Dodged            |   114 |    69 ||   183
